 Dungeon Crawl Stone Soup version 0.30.0-29-ga12c61a403 (webtiles) character file.

Game seed: 17971053816053490542

2195 belegose the Stinger (level 8, -1/66 HPs)
             Began as a Demigod Venom Mage on June 9, 2023.
             Killed from afar by an acid dragon (25 damage)
             ... with a splash of acid
             ... on level 6 of the Dungeon.
             The game lasted 00:35:08 (8752 turns).

belegose the Stinger (Demigod Venom Mage)           Turns: 8752, Time: 00:35:09

Health: -1/66      AC:  0    Str: 13    XL:     8   Next: 88%
Magic:  17/17      EV: 12    Int: 21    God:
Gold:   281        SH:  5    Dex: 14    Spells: 9/15 levels left

rFire   . . .        J - +1 trident (protect)
rCold   . . .        (no shield)
rNeg    . . .        n - +0 robe
rPois   .            t - +0 helmet
rElec   .            G - scarf {+Inv}
rCorr   .            p - +0 pair of gloves
SInv    .            (no boots)
Will    .....        C - amulet of reflection
Stlth   ++           (no ring)
HPRegen 0.31/turn    (no ring)
MPRegen 0.15/turn

%: reflection
@: corroded
A: high MP 1, forlorn, divine attributes
a: Evoke Invisibility


You were on level 6 of the Dungeon.
You visited 1 branch of the dungeon, and saw 6 of its levels.
You also visited: Ossuary.

You collected 281 gold pieces.

Inventory:

Hand Weapons
 a - a +1 short sword of draining
 b - a +1 sling
 J - a +1 trident of protection (weapon)
 L - a +0 double sword
Missiles
 c - 3 silver boomerangs
 k - 8 poisoned darts (quivered)
 I - 5 boomerangs
Armour
 n - a +0 robe (worn)
 p - a +0 pair of gloves (worn)
 q - a +0 ring mail
 t - a +0 helmet (worn)
 G - a scarf of invisibility (worn)
 K - a +0 buckler
Magical Staves
 y - a staff of fire
 B - a staff of cold
Jewellery
 C - an amulet of reflection (around neck)
Wands
 u - a wand of flame (1)
 H - a wand of quicksilver (7)
Scrolls
 e - 2 scrolls of enchant weapon
 f - 3 scrolls of magic mapping {unknown}
 h - 4 scrolls of fog
 i - 4 scrolls of vulnerability {unknown}
 j - 2 scrolls of teleportation
 l - 3 scrolls of identify
 v - 2 scrolls of poison {unknown}
 w - a scroll of brand weapon {unknown}
 D - a scroll of immolation {unknown}
 E - a scroll of amnesia {unknown}
 F - 2 scrolls of fear {unknown}
Potions
 d - 2 potions of berserk rage
 g - 2 potions of mutation
 m - a potion of magic
 o - 5 potions of haste
 r - a potion of heal wounds
 s - a potion of curing {unknown}
 x - 4 potions of lignification
 z - 2 potions of flight
 A - a potion of might


   Skills:
 - Level 4.0 Fighting
 - Level 4.0 Ranged Weapons
 - Level 4.0 Throwing
 - Level 4.0 Armour
 - Level 1.7 Dodging
 - Level 1.7 Stealth
 - Level 4.0 Spellcasting
 + Level 2.2 Conjurations
 - Level 0.8 Transmutations
 - Level 4.0 Air Magic
 + Level 4.2 Poison Magic


You had 9 spell levels left.
You knew the following spells:

 Your Spells              Type           Power      Damage    Failure   Level
a - Sting                 Tmut/Pois      56%        1d5       4%          1
b - Poisonous Vapours     Pois/Air       42%        N/A       3%          2
c - Mephitic Cloud        Conj/Pois/Air  18%        N/A       9%          3

Your spell library contained the following spells:

 Spells                   Type           Power      Damage    Failure   Level
 Summon Small Mammal      Summ           16%        N/A       12%         1
 Momentum Strike          Conj/Tloc      16%        3d8       12%         2
 Blink                    Tloc           8%         N/A       19%         2
 Lesser Beckoning         Tloc           8%         N/A       19%         2
 Olgreb's Toxic Radiance  Pois           22%        N/A       22%         4
 Call Canine Familiar     Summ           4%         N/A       34%         3
 Summon Guardian Golem    Hex/Summ       4%         N/A       34%         3
 Volatile Blastmotes      Fire/Tloc      8%         2d10      34%         3
 Fulminant Prism          Conj/Hex       4%         3d5       58%         4
 Iskenderun's Mystic Bla  Conj/Tloc      8%         2d4       58%         4
 Lee's Rapid Deconstruct  Erth           2%         3d4*      97%         5
 Discord                  Hex            2%         N/A       100%        8
 Ignition                 Fire           2%         3d3       100%        8


Dungeon Overview and Level Annotations

Branches:
Dungeon (6/15)            Ossuary (visited)
 Temple: D:4-7

Shops:
D:4 =:!*?=

Annotations:
D:6 exclusion: iguana, Sigmund


Innate Abilities, Weirdness & Mutations

You have an increased reservoir of magic. (+10% MP)
You shall have no god before yourself.
Your divine heritage dramatically boosts your attributes as you level up.


Message History

Your weapon exudes an aura of protection.
You destroy the shadow!
Training target 4.0 for Ranged Weapons reached!
Your Ranged Weapons skill increases to level 4!
Your Conjurations skill increases to level 2!
No target in view!
Unknown command.
An acid dragon comes into view.
Unknown command.
Unknown command.
Unknown command.
Unknown command.
You start resting.
An acid dragon is nearby!
Unknown command.
You closely miss the acid dragon.
The acid dragon roars!
The acid dragon spits acid at you. The splash of acid hits you!
You hit the acid dragon but do no damage.
Your weapon exudes an aura of protection.
The acid dragon closely misses you.
The acid dragon claws you but does no damage.
The acid dragon spits acid at you. The splash of acid hits you!!
The acid corrodes you!
Aiming: Quicksilver Bolt
Press: ? - help, Shift-Dir - straight line, f - acid dragon
Aim: an acid dragon (catching its breath, 71% to hit)
The bolt of dispelling energy hits the acid dragon!
The acid dragon is moderately wounded.
The acid dragon misses you. The acid dragon claws you.
Unknown command.
Aiming: Quicksilver Bolt
Press: ? - help, Shift-Dir - straight line, f/p - acid dragon
Aim: an acid dragon (moderately wounded, 71% to hit)
The bolt of dispelling energy hits the acid dragon!
The acid dragon is almost dead.
The acid dragon spits acid at you. The splash of acid hits you!!
You die...

#.# #.##.#
#.# #.##.#
#.# #.##.#
### #.##.#
.## #.##.#
..# #.##.#
###.#
#.##.#
##.#.#
#.##.#
##@#..#
#.##.# # #
#D###.#
#.##.#####
#D####.#).#
#.........
#...#.###.#
#.#..#####
#.#.#..#
#.#..# #
#######.#
#.#..#
#.......#
#.#..#
##.######
#.#..# #.#
#.#..#


You could see an acid dragon (catching breath).

Vanquished Creatures
  Pikel (D:4)
  A shadow (D:6)
  Menkaure (D:4)
  3 water moccasins
  A sky beast (D:6)
  3 ogres
  A phantom (D:6)
  2 lemures (D:3)
  A gnoll sergeant (D:6)
  A scorpion (D:5)
  A hound (D:5)
  An orc priest (D:5)
  Natasha (thrice) (D:4)
  4 iguanas
  3 orc wizards
  2 mummies
  Robin (D:1)
  5 gnolls
  6 adders
  A shadow imp (D:6)
  2 white imps (D:6)
  2 ufetubi (D:5)
  4 worms
  5 dart slugs
  17 orcs
  9 ball pythons
  10 endoplasms
  7 giant cockroaches
  9 hobgoblins
  2 jackals (D:1)
  8 kobolds
  A quokka (D:2)
  3 bats
  A frilled lizard (D:2)
  8 gnoll skeletons (Ossuary)
  15 goblins
  A hobgoblin zombie (D:5)
  4 kobold skeletons (Ossuary)
  A kobold zombie (D:5)
  13 orc skeletons (Ossuary)
  5 rats
169 creatures vanquished.

Notes
Turn   | Place    | Note
-------+----------+-------------------------------------------
     0 | D:1      | belegose the Demigod Venom Mage began the quest for the
                  | Orb.
     0 | D:1      | Reached XP level 1. HP: 14/14 MP: 5/5
     1 | D:1      | Found a runed translucent door.
   425 | D:1      | Reached XP level 2. HP: 18/22 MP: 7/7
   496 | D:1      | Learned a level 2 spell: Poisonous Vapours
   605 | D:1      | Reached skill level 1 in Fighting
  1448 | D:2      | Reached XP level 3. HP: 16/24 MP: 8/8
  1628 | D:2      | Reached skill level 1 in Air Magic
  2100 | D:2      | Reached XP level 4. HP: 31/36 MP: 10/10
  2126 | D:2      | Noticed Robin
  2163 | D:1      | Killed Robin
  3723 | D:4      | Reached XP level 5. HP: 39/41 MP: 11/11
  3792 | D:4      | Noticed Menkaure
  3991 | D:4      | Noticed Natasha
  4009 | D:4      | Killed Natasha
  4010 | D:4      | Reached skill level 1 in Throwing
  4273 | D:4      | Noticed an ogre
  4386 | D:4      | Noticed Natasha
  4393 | D:4      | Killed Natasha
  4426 | D:4      | Killed Menkaure
  4427 | D:4      | Reached XP level 6. HP: 26/48 MP: 12/12
  4479 | D:4      | Noticed Pikel
  4777 | D:4      | Found Juchyes's Distillery.
  4785 | D:4      | Found Plog's Jewellery Emporium.
  4788 | D:4      | Found Lihecs's Book Shop.
  4788 | D:4      | Found Tiemm's Magic Scroll Shoppe.
  4790 | D:4      | Found Guiwk's Jewellery Boutique.
  4790 | D:4      | Found Woudabe's General Store.
  5057 | D:4      | Noticed Natasha
  5068 | D:4      | Killed Natasha
  5186 | D:4      | Killed Pikel
  5187 | D:4      | Reached XP level 7. HP: 37/57 MP: 4/15
  5395 | D:5      | Entered Level 5 of the Dungeon
  5520 | D:5      | Found a sand-covered staircase.
  5536 | Ossuary  | Entered an ossuary
  5536 | Ossuary  | Noticed a wraith
  5536 | Ossuary  | Noticed a wraith
  5536 | Ossuary  | Noticed a wraith
  5832 | Ossuary  | Noticed a wraith
  6476 | D:5      | Reached skill level 1 in Ranged Weapons
  6476 | D:5      | Reached XP level 8. HP: 31/63 MP: 17/17
  7602 | D:5      | Learned a level 3 spell: Mephitic Cloud
  7763 | D:6      | Reached skill level 1 in Conjurations
  7897 | D:6      | Noticed Sigmund
  8752 | D:6      | Killed from afar by an acid dragon

Illustrated notes

Levels and vault maps discovered:
D:1:      dpeg_arrival_caged_fury, layout_basic,
          dreamdust_ecumenical_altar_grove, serial_aquarium,
          aquarium_bridge_long_joined [aquarium_subvault_window,
          aquarium_subvault_bridge, aquarium_subvault_bridge,
          aquarium_subvault_wall, aquarium_subvault_wall,
          aquarium_subvault_window], aquarium_bridge_square
          [aquarium_subvault_wall, aquarium_subvault_bridge,
          aquarium_subvault_bridge, aquarium_subvault_wall],
          aquarium_window_fake, aquarium_window_1, aquarium_window_1,
          aquarium_view_2b, aquarium_view_2f, aquarium_balcony_3b,
          chequers_mini_garden
D:2:      layout_loops_corners, minmay_pentomino_p4, uniq_robin
D:3:      layout_loops_ring, chequers_serial_rivers_marsh
D:4:      layout_cave_pools, nicolae_wooded_promenade, uniq_natasha, uniq_pikel,
          uniq_menkaure
D:5:      layout_basic, nicolae_ossuary_entry_giza, serial_bayou_pond_d
D:6:      layout_loops_ring, kennysheep_slug_shrine, minmay_small_thing,
          uniq_sigmund

Skill      XL: |  1  2  3  4  5  6  7  8 |
---------------+-------------------------+-----
Spellcasting   | 2 3 4 |  4.0
Fighting       | 1 2 3 4 |  4.0
Poison Magic   | 3 4 |  4.2
Air Magic      | 1 2 3 4 |  4.0
Throwing       | 2 4 |  4.0
Armour         | 2 4 |  4.0
Ranged Weapons | 1 4 |  4.0
Conjurations   | 2 |  2.2
Dodging        | |  1.7
Stealth        | |  1.7
Transmutations | |  0.8

Action                     |  1- 3 |  4- 6 |  7- 9 || total
---------------------------+-------+-------+-------++-------
  Melee: Short sword       |    80 |   146 |   119 ||   345
         Dagger            |     8 |       |       ||     8
         Hand axe          |    37 |       |       ||    37
         Punch             |     2 |       |     2 ||     4
         Trident           |     5 |       |    65 ||    70
   Fire: Sling             |       |     2 |   114 ||   116
  Throw: Dart              |       |     3 |       ||     3
   Cast: Sting             |    16 |    23 |    23 ||    62
         Poisonous Vapours |       |    37 |    37 ||    74
         Mephitic Cloud    |       |       |     4 ||     4
  Evoke: Wand              |       |     6 |     5 ||    11
    Use: Scroll            |       |       |    11 ||    11
   Stab: Sleeping          |     7 |     2 |     3 ||    12
 Armour: Robe              |    29 |    37 |    63 ||   129
  Dodge: Dodged            |    77 |    99 |   147 ||   323
  Block: Other             |       |     2 |    68 ||    70
